Map: Abiogenesis LE

Players

CinDra - Winner!

  • Race: Zerg Zerg
  • League: Silver
  • Spawn Location: 5:00

codeinaskrrr

  • Race: Protoss Protoss
  • League: Gold
  • Spawn Location: 11:00

VOD

Have the link to the VOD?

Description

Time

  • Played on: Feb. 26, 2018, 4:03 p.m.
  • Length: 4:30
Show
View Real Time Build Order
Export as new Build Order

CinDra Zerg - Winner!

Build Orders: Hatch First 

Get SALT Encoding   

  12  0:01  Drone  
  13  0:13  Overlord  
  13  0:17  Drone  
  14  0:31  Drone x2  
  16  0:38  Drone  
  17  0:53  Hatchery  
  16  0:58  Drone  
  17  1:05  Drone  
  17  1:07  Extractor  
  17  1:24  Drone, Spawning Pool  
  17  1:25  Drone  
  18  1:36  Drone  
  18  1:39  Drone  
  20  1:51  Drone  
  21  2:00  Drone  
  22  2:11  Drone  
  22  2:13  Queen, Zergling x2  
  22  2:14  Queen  
  28  2:16  Overlord  
  28  2:29  Metabolic Boost  
  28  2:34  Zergling x4  
  28  2:36  Zergling x2  
  31  2:38  Overlord  
  31  2:45  Zergling x2  
  32  2:53  Zergling x2  
  33  3:02  Drone x2  
  35  3:11  Zergling x4  
  37  3:19  Drone  
  38  3:31  Drone x4  
  38  3:48  Drone  
  38  3:49  Zergling x2, Drone  
  38  3:50  Zergling x4  
  38  3:51  Overlord  
  43  3:56  Extractor  
  42  4:03  Roach Warren  
Show
View Real Time Build Order
Export as new Build Order

codeinaskrrr Protoss 

Build Orders:  

Get SALT Encoding   

  12  0:01  Probe  
  13  0:14  Probe  
  14  0:26  Probe  
  14  0:28  Pylon  
  15  0:46  Probe  
  15  0:48  Gateway  
  16  0:58  Probe  
  16  0:59  Gateway  
  17  1:10  Probe  
  18  1:11  Assimilator  
  18  1:22  Probe  
  19  1:29  Gateway  
  19  1:38  Probe  
  20  1:44  Pylon  
  20  1:50  Probe  
  21  1:57  Zealot, Cybernetics Core  
  23  2:10  Probe  
  23  2:13  Assimilator  
  24  2:17  Zealot x2  
  28  2:23  Probe  
  29  2:40  Twilight Council  
  29  2:44  Probe  
  30  2:56  Probe  
  31  3:08  Nexus  
  31  3:17  Forge  
  31  3:36  Pylon  
  31  3:41  Probe  
  26  3:53  Probe  
  27  4:06  Probe  
  26  4:17  Pylon  
Tags
 
Add a new tag
Caveats
  • Supply blocks, unpowered buildings, or Contaminate may cause inaccurate times.
  • Supply counts are checked every 10 seconds.